Map: Efflorescence LE

Players

riki

  • Race: Protoss Protoss
  • Spawn Location: 9:00

edz

  • Race: Terran Terran
  • Spawn Location: 6:00

qqq

  • Race: Zerg Zerg
  • Spawn Location: 3:00

Massa

  • Race: Terran Terran
  • League: Platinum
  • Spawn Location: 12:00

VOD

Have the link to the VOD?

Description

Time

  • Played on: Oct. 25, 2020, 12:34 p.m.
  • Length: 12:00
Show
View Real Time Build Order
Export as new Build Order

riki Protoss 

Build Orders: Oracle Opening 

Get SALT Encoding   

  12  0:01  Probe  
  13  0:13  Probe  
  14  0:20  Pylon  
  14  0:25  Probe  
  15  0:38  Probe  
  15  0:40  Gateway  
  16  0:53  Assimilator  
  16  0:56  Assimilator  
  16  1:19  Probe  
  17  1:31  Probe  
  17  1:32  Cybernetics Core  
  18  1:36  Pylon  
  18  1:43  Probe (Chrono Boost)  
  20  1:54  Probe (Chrono Boost)  
  20  1:59  Probe (Chrono Boost)  
  21  2:09  Probe  
  21  2:10  Stargate  
  21  2:27  Adept  
  23  2:42  Nexus  
  23  2:54  Probe  
  24  3:06  Probe  
  24  3:10  Oracle (Chrono Boost)  
  25  3:18  Probe  
  29  3:30  Probe  
  30  3:42  Probe  
  30  3:47  Void Ray  
  31  3:50  Pylon  
  31  3:55  Probe  
  36  4:07  Probe  
  37  4:40  Stargate  
  37  4:41  Stargate  
  37  4:44  Stargate  
  37  4:45  Pylon  
  37  4:47  Pylon x2  
  37  4:51  Assimilator  
  37  4:53  Probe x2  
  37  4:55  Assimilator  
  39  5:03  Void Ray  
  39  5:05  Probe x2  
  45  5:17  Probe  
  45  5:18  Probe  
  47  5:22  Void Ray  
  51  5:29  Protoss Air Weapons Level 1 (Chrono Boost)  
  51  5:30  Probe  
  52  5:36  Probe  
  52  5:42  Probe  
  54  5:47  Phoenix x2  
  54  5:48  Probe  
  59  5:54  Probe  
  59  5:57  Phoenix  
  62  6:00  Probe  
  63  6:12  Phoenix  
  65  6:22  Phoenix  
  67  7:19  Void Ray x2  
  75  7:39  Void Ray  
  75  8:15  Pylon  
  75  8:17  Pylon  
  75  8:21  Fleet Beacon  
  75  8:22  Pylon  
  75  8:27  Void Ray  
  79  8:35  Protoss Air Armor Level 1 (Chrono Boost)  
  76  9:16  Carrier x4  
  100  9:51  Flux Vanes  
  100  11:22  Nexus  
  100  11:23  Pylon  
  100  11:25  Pylon  
  100  11:26  Pylon  
  100  11:31  Pylon  
  100  11:32  Pylon  
  100  11:33  Pylon  
Show
View Real Time Build Order
Export as new Build Order

edz Terran 

Build Orders:  

Get SALT Encoding   

  12  0:00  SCV  
  13  0:12  SCV  
  14  0:19  Supply Depot  
  14  0:25  SCV  
  15  0:34  Refinery  
  15  0:40  SCV  
  16  0:46  Barracks  
  16  0:52  SCV  
  17  1:04  SCV  
  17  1:09  Refinery  
  18  1:16  SCV  
  19  1:25  Barracks  
  19  1:32  Orbital Command  
  19  1:36  Reaper  
  20  1:52  Supply Depot  
  20  1:59  SCV  
  21  2:13  Barracks Reactor  
  21  2:21  Barracks Tech Lab  
  21  2:25  SCV  
  21  2:26  Ghost Academy  
  23  2:37  SCV, Factory  
  23  2:49  SCV, Supply Depot  
  23  2:51  Marine x2  
  26  3:12  Ghost  
  28  3:13  Marine x2  
  28  3:15  Barracks  
  30  3:24  Hellion  
  30  3:25  SCV  
  33  3:33  Personal Cloaking  
  33  3:45  Marine x2  
  35  3:53  SCV  
  35  3:55  Ghost  
  38  4:03  Starport  
  38  4:08  Supply Depot  
  38  4:22  SCV  
  39  4:35  SCV  
  40  4:41  Ghost Academy  
  40  4:47  SCV  
  40  4:49  Command Center  
  41  4:59  SCV, Nuke  
  42  5:01  Starport Reactor  
  42  5:09  Engineering Bay  
  42  5:11  SCV  
  42  5:12  Marine  
  42  5:14  Factory Tech Lab  
  44  5:19  Supply Depot  
  44  5:23  SCV  
  45  5:29  Nuke  
  45  5:34  Marine x2  
  47  5:41  SCV  
  48  5:45  Missile Turret  
  48  5:53  SCV  
  49  5:57  Supply Depot  
  49  6:01  Missile Turret  
  49  6:06  Missile Turret, Medivac x2  
  51  6:27  Nuke  
  51  6:30  Marine x2  
  51  6:31  Marine x2  
  54  6:49  Nuke, Marauder  
  56  6:56  Orbital Command  
  56  6:59  Barracks  
  56  7:10  Ghost  
  58  7:23  SCV  
  57  7:38  Ghost  
  57  7:39  SCV  
  57  7:43  Enhanced Shockwaves  
  60  7:44  SCV  
  60  7:46  Barracks Tech Lab  
  60  7:47  Marine, Ghost Academy  
  62  7:51  Marine  
  62  7:52  Refinery, Marine  
  64  8:02  Siege Tank  
  64  8:05  Marine  
  67  8:08  Marauder  
  67  8:09  Marine x2  
  72  8:29  Refinery  
  70  8:47  Command Center  
  70  8:54  Marine x2  
  70  8:55  Marine  
  75  8:56  Marauder, Stimpack  
  75  8:57  Combat Shield  
  75  8:58  Marine  
  75  9:02  Nuke  
  76  9:12  Marine x2  
  76  9:13  Marine  
  76  9:15  SCV  
  78  9:21  SCV  
  77  9:24  Marauder  
  77  9:29  Supply Depot  
  77  9:30  Supply Depot  
  78  9:32  Supply Depot  
  78  9:42  Refinery  
  78  9:45  Missile Turret  
  78  9:49  Refinery  
  78  9:50  Marine, Ghost, SCV x2  
  83  9:52  Barracks Tech Lab  
  83  9:56  Barracks  
  83  9:58  Marine x2  
  85  10:02  SCV x2  
  85  10:04  Terran Infantry Weapons Level 1  
  87  10:08  Engineering Bay  
  87  10:14  SCV  
  87  10:15  Nuke  
  87  10:16  Marauder  
  90  10:25  Orbital Command  
  90  10:32  Ghost  
  92  10:50  Ghost  
  92  10:51  Ghost  
  92  10:52  Barracks Tech Lab  
  92  10:55  SCV x3  
  99  11:07  SCV  
  99  11:10  SCV, Armory  
  99  11:11  SCV  
  101  11:12  Marine, Concussive Shells  
  101  11:13  Marine  
  101  11:14  Marauder  
  105  11:23  SCV x2, Supply Depot  
  105  11:25  SCV  
  108  11:26  Supply Depot  
  106  11:35  SCV  
Show
View Real Time Build Order
Export as new Build Order

qqq Zerg 

Build Orders: Hatch First 

Get SALT Encoding   

  12  0:00  Drone  
  13  0:10  Drone  
  14  0:41  Hatchery, Drone  
  14  0:57  Spawning Pool  
  13  1:04  Overlord  
  13  1:09  Drone  
  14  1:14  Extractor  
  14  1:15  Drone  
  14  1:22  Drone  
  15  1:30  Drone  
  16  1:38  Drone  
  17  1:49  Drone  
  17  1:50  Queen  
  20  2:01  Drone  
  21  2:10  Queen  
  21  2:12  Drone  
  24  2:19  Extractor  
  23  2:24  Drone x2  
  23  2:25  Drone  
  27  2:39  Drone  
  27  2:40  Overlord  
  28  2:45  Lair  
  28  2:50  Overlord  
  27  3:14  Drone x3  
  27  3:16  Extractor  
  27  3:18  Drone x2, Extractor  
  27  3:19  Drone, Overlord  
  31  3:21  Drone  
  31  3:23  Zergling x2  
  33  3:33  Drone  
  34  3:35  Drone x3  
  37  3:47  Spire  
  36  3:49  Drone  
  37  4:01  Overlord  
  37  4:02  Overlord  
  37  4:04  Drone  
  37  4:06  Spore Crawler  
  37  4:09  Spore Crawler  
  36  4:12  Drone  
  36  4:15  Drone x2  
  39  4:17  Drone  
  39  4:21  Drone  
  39  4:23  Drone  
  42  4:27  Drone  
  42  4:30  Drone  
  44  4:32  Drone  
  44  4:35  Drone  
  46  4:39  Overlord  
  46  4:41  Drone  
  47  4:46  Overlord  
  47  4:49  Drone  
  48  4:58  Mutalisk x2  
  52  5:00  Zerg Flyer Weapons Level 1  
  52  5:05  Extractor  
  52  5:06  Drone x3  
  54  5:10  Drone  
  54  5:11  Mutalisk  
  54  5:13  Mutalisk  
  59  5:15  Mutalisk  
  61  5:30  Mutalisk  
  61  5:32  Mutalisk  
  61  5:34  Hatchery  
  64  5:44  Mutalisk  
  64  5:46  Overlord  
  64  5:47  Overlord x2  
  66  6:06  Overseer  
  66  6:09  Pneumatized Carapace  
  66  6:10  Hatchery  
  65  6:20  Overlord, Corruptor  
  65  6:21  Corruptor  
  69  6:27  Drone x2  
  69  6:28  Drone  
  69  6:30  Overlord x3  
  62  6:57  Corruptor x3  
  62  7:00  Mutalisk  
  62  7:01  Drone x2  
  65  7:16  Spore Crawler  
  65  7:17  Mutalisk, Spore Crawler  
  65  7:19  Corruptor  
  57  7:37  Mutalisk x2  
  57  7:47  Mutalisk  
  53  7:52  Drone  
  53  7:53  Drone x2  
  53  7:55  Drone x3  
  59  7:59  Corruptor  
  59  8:04  Drone x2  
  59  8:05  Spore Crawler  
  62  8:10  Drone  
  63  8:16  Spore Crawler  
  62  8:23  Mutalisk  
  62  8:24  Corruptor  
  66  8:27  Hatchery, Mutalisk  
  63  8:36  Hatchery  
  63  8:41  Drone x4  
  66  8:51  Corruptor x2  
  66  8:55  Drone x2  
  72  9:00  Spore Crawler  
  69  9:05  Corruptor x2  
  73  9:16  Corruptor  
  71  9:21  Drone x3  
  71  9:22  Queen  
  76  9:28  Corruptor  
  74  9:32  Spine Crawler  
  66  9:54  Drone x4  
  66  9:55  Drone x3  
  66  9:56  Queen  
  66  9:58  Queen  
  77  10:05  Overseer  
  74  10:16  Mutalisk  
  74  10:17  Mutalisk x4  
  84  10:25  Extractor  
  83  10:29  Extractor  
  83  10:32  Queen  
  82  10:49  Mutalisk x2  
  80  10:56  Mutalisk  
  82  11:02  Drone x2  
  82  11:03  Drone  
  85  11:04  Extractor  
  85  11:07  Queen  
  85  11:10  Mutalisk  
  88  11:20  Mutalisk  
Show
View Real Time Build Order
Export as new Build Order

Massa Terran 

Build Orders: Gas First Reaper Expand 

Get SALT Encoding   

  12  0:00  SCV  
  13  0:12  SCV  
  14  0:21  Supply Depot  
  14  0:24  SCV  
  15  0:31  Refinery  
  15  0:43  SCV  
  15  0:46  Barracks  
  16  0:55  SCV  
  17  1:07  SCV  
  18  1:19  SCV  
  19  1:32  Orbital Command  
  19  1:34  Reaper  
  19  1:36  Supply Depot  
  20  1:56  Command Center  
  20  2:06  Marine  
  21  2:24  SCV  
  22  2:34  Barracks Reactor, Factory  
  22  2:36  SCV  
  23  2:48  SCV  
  23  3:14  Marine  
  23  3:15  Marine  
  23  3:19  Supply Depot  
  25  3:24  Starport  
  25  3:26  Refinery  
  25  3:29  Command Center  
  25  3:31  Orbital Command  
  25  3:32  Marine x2  
  27  3:50  Marine  
  27  3:51  Marine  
  27  3:52  Factory Tech Lab, Barracks  
  29  4:00  Supply Depot  
  23  4:23  Medivac  
  23  4:31  SCV  
  23  4:32  SCV  
  25  4:41  Barracks Tech Lab  
  25  4:43  SCV  
  25  4:44  SCV  
  27  4:53  Engineering Bay  
  27  4:55  Marine  
  27  4:56  SCV x2, Marine  
  31  5:08  SCV x2  
  31  5:13  Marine x2  
  35  5:19  SCV  
  35  5:20  SCV x2  
  38  5:27  Barracks  
  38  5:31  SCV, Marauder, Marine x2  
  38  5:32  SCV x2  
  38  5:33  Widow Mine  
  47  5:43  Orbital Command  
  47  5:44  SCV x2  
  49  5:52  Marauder  
  49  5:53  Missile Turret  
  49  5:56  SCV x2, Missile Turret  
  53  6:08  SCV  
  54  6:33  SCV x3  
  57  6:42  Terran Infantry Weapons Level 1  
  57  6:45  SCV x3  
  60  6:57  SCV  
  60  6:59  SCV  
  56  7:23  Supply Depot  
  53  7:32  Supply Depot  
  53  7:34  SCV x3  
  56  7:45  Stimpack  
  56  7:46  SCV x3, Missile Turret  
  59  7:57  Supply Depot  
  59  7:58  SCV x2  
  60  8:04  Refinery  
  60  8:05  Missile Turret x3  
  61  8:07  Refinery  
  61  8:16  Siege Tank  
  64  8:20  Barracks Reactor  
  64  8:40  SCV x3  
  67  8:52  SCV x3  
  70  9:04  SCV x2  
  70  9:15  Factory Tech Lab  
  70  9:24  Combat Shield  
  70  9:30  Barracks Reactor  
  70  9:42  Supply Depot  
  70  9:55  Supply Depot  
  70  10:06  Missile Turret  
  70  10:08  Missile Turret  
  70  10:22  Supply Depot  
  70  10:26  Supply Depot x2  
  70  10:33  SCV x2  
  69  10:39  Missile Turret  
  69  10:41  Missile Turret  
  69  10:44  SCV, Marauder, Missile Turret  
  72  10:52  Marine x2  
  72  10:54  Concussive Shells  
  72  10:56  SCV  
  75  11:02  Missile Turret  
  75  11:03  Missile Turret, Siege Tank  
  78  11:06  Marauder  
  78  11:10  Marine x2  
  82  11:12  Barracks  
  82  11:13  Barracks  
  82  11:27  Marine  
Tags
 
Add a new tag
Caveats
  • Supply blocks, unpowered buildings, or Contaminate may cause inaccurate times.
  • Supply counts are checked every 10 seconds.